 Dungeon Crawl Stone Soup version 0.31-a0-175-g9f7f995f2b (webtiles) character file.

Game seed: 18334680908559701701

2872 qw the Cleaver (level 9, -5/57 HPs)
             Began as a Gargoyle Fighter on June 16, 2023.
             Slain by a red ugly thing (16 damage)
             ... on level 7 of the Dungeon.
             The game lasted 00:02:42 (5291 turns).

qw the Cleaver (Gargoyle Fighter)                   Turns: 5291, Time: 00:02:43

Health: -5/57      AC: 15    Str: 25    XL:     9   Next: 76%
Magic:  9/9        EV:  9    Int:  8    God:
Gold:   362        SH:  9    Dex:  9    Spells: 8/8 levels left

rFire   . . .        Y - +0 war axe (flame)
rCold   . . .        c - +0 buckler
rNeg    + . .        k - +0 chain mail
rPois   inf          (no helmet)
rElec   +            (no cloak)
rCorr   .            (no gloves)
SInv    .            (no boots)
Will    .....        l - amulet of reflection Stlth
                     (no ring)
HPRegen 0.29/turn    (no ring)
MPRegen 0.11/turn

%: reflection
@: about to teleport
A: sickness immunity, AC +6, negative energy resistance 1, electricity
resistance, torment resistance 1, petrification resistance
a: no special abilities


You were on level 7 of the Dungeon.
You visited 1 branch of the dungeon, and saw 7 of its levels.

You collected 362 gold pieces.


Innate Abilities, Weirdness & Mutations

You are immune to sickness and miasma.
Your stone body is resilient. (AC +6)
You are immune to poison.
You resist negative energy. (rN+)
You are resistant to electric shocks. (rElec)
You are resistant to unholy torment.
You are immune to petrification.


   Skills:
 - Level 7.2 Fighting
 + Level 9.6 Axes
 - Level 3.3 Throwing
 - Level 4.0 Armour
 - Level 1.9 Dodging
 - Level 4.0 Shields


You had 8 spell levels left.
You didn't know any spells.
Your spell library was empty.

Inventory:

Hand Weapons
 i - a +1 war axe
 Y - a +0 war axe of flaming (weapon)
Missiles
 a - 15 boomerangs
 m - 5 javelins (quivered)
Armour
 c - a +0 buckler (worn)
 k - a +0 chain mail (worn)
Jewellery
 l - an amulet of reflection (around neck)
Scrolls
 b - a scroll of identify
Potions
 d - a potion of might
 e - a potion of curing
 g - 2 potions of lignification
 h - a potion of attraction {unknown}
 n - a potion of magic {unknown}
 p - a potion of haste {unknown}

Dungeon Overview and Level Annotations

Branches:
Dungeon (7/15)
 Temple: D:4-7

Altars:

Shops:
D:1 :   D:3 =

Annotations:
D:4 3 runed translucent doors, qw's ghost, amateur GrFi; qw's ghost, amateur GrHu; qw's ghost, amateur NaHu


Message History

You hit the orc priest. You burn the orc priest.
The orc priest is heavily wounded.
You slash the orc! You burn the orc.
You kill the orc!
The orc priest calls down the wrath of Beogh upon you.
Beogh smites you!
The orc wizard gestures at you while chanting.
The puff of flame hits you.
You slash the orc priest! You burn the orc priest.
You kill the orc priest!
The orc wizard gestures at you while chanting.
The magic dart hits you. The orc hits you but does no damage.
Something hits you but does no damage.
You see here a +0 flail.
You slash the red ugly thing!
The red ugly thing is lightly wounded.
You closely miss the orc. You barely miss something.
Something hits you but does no damage. The orc hits you with a +0 flail.
The red ugly thing punches you but does no damage.
A bullfrog comes into view.
The bullfrog croaks.
You slash the red ugly thing!
The red ugly thing is moderately wounded.
You slash something! You burn something. You hit the orc. You burn the orc.
You block the orc's attack. You block the red ugly thing's attack.
You hear some strange, mumbled words.
A puff of flame appears from out of thin air!
The puff of flame hits you.
5290 ||| READING scroll of teleportation.
As you read the scroll of teleportation, it crumbles to dust.
You feel strangely unstable. You block the red ugly thing's attack.
You block the orc's attack. The orc wizard closely misses you.
Something hits you but does no damage.
You barely miss the orc.
The orc is heavily wounded.
You hit the red ugly thing but do no damage.
You hit something but do no damage. You completely miss the orc wizard.
You block the orc's attack. You block the orc wizard's attack.
The red ugly thing punches you.
You are engulfed in flames!
You die...

#......<......#
.######.##..........#
..?#....#####.#####.#
........#####.# ..
..........#...# .
.........##.###
.........#..#
......uo##.##
....F.{@...#
......o.##.#
......###..# #>.##.
..## .. # .## # .. ..
..


You could see a red ugly thing, a bullfrog, an orc wizard and an orc.

Vanquished Creatures
  A hornet (D:6)
  Prince Ribbit (D:5)
  Sigmund (D:2)
  Menkaure (D:4)
  Edmund (D:4)
  Duvessa (D:5)
  An orc warrior (D:6)
  3 ogres
  2 black bears (D:6)
  4 phantoms
  A bullfrog (D:6)
  3 scorpions
  Dowan (D:5)
  5 wights (D:6)
  2 hounds (D:6)
  6 orc priests
  Jessica (D:3)
  An iguana (D:5)
  A sleepcap (D:5)
  Natasha (thrice) (D:3)
  3 orc wizards
  3 adders
  An ufetubus (D:6)
  3 worms
  3 dart slugs
  28 orcs
  10 bats
  6 endoplasms
  3 giant cockroaches
  4 hobgoblins
  10 jackals
  3 kobolds
  7 quokkas
  4 ball pythons
  A frilled lizard (D:3)
  6 goblins
  5 rats
140 creatures vanquished.

Notes
Turn   | Place    | Note
-------+----------+-------------------------------------------
     0 | D:1      | qw the Gargoyle Fighter began the quest for the Orb.
     0 | D:1      | Reached XP level 1. HP: 14/14 MP: 1/1
     0 | D:1      | 0 ||| qw: Version: 0.2-a-29-g511e9b1
     0 | D:1      | 0 ||| qw: Game counter: 28
     0 | D:1      | 0 ||| qw: Always use a shield: true
     0 | D:1      | 0 ||| qw: God list: Okawaru
     0 | D:1      | 0 ||| qw: Allow faded altars: false
     0 | D:1      | 0 ||| qw: Do Orc after D:15 true
     0 | D:1      | 0 ||| qw: Do second Lair branch before Depths: true
     0 | D:1      | 0 ||| qw: Lair rune preference: random
     0 | D:1      | 0 ||| qw: Plans: Normal, Zot:1-4, Slime:5, God:TSO, Crypt,
                  | Tomb, Abyss, Pan, Hells, Win
     0 | D:1      | 0 ||| PLANNING D:1-11
    31 | D:1      | Reached skill level 2 in Axes
    94 | D:1      | 94 ||| Stepping ~*~*~tactically~*~*~ (stealth).
   101 | D:1      | Reached XP level 2. HP: 19/19 MP: 2/2
   248 | D:1      | Found Lusm's Book Emporium.
   337 | D:1      | 337 ||| Stepping ~*~*~tactically~*~*~ (stealth).
   478 | D:1      | Reached skill level 3 in Axes
   480 | D:1      | Reached XP level 3. HP: 23/23 MP: 3/3
   560 | D:1      | 560 ||| UPGRADING to +0 chain mail.
   570 | D:1      | 570 ||| DROPPING +0 scale mail.
   571 | D:1      | 571 ||| UPGRADING to amulet of reflection.
   576 | D:1      | 576 ||| DROPPING ring of magical power.
   577 | D:1      | 577 ||| READING scroll labelled RUTWAG BARA.
   578 | D:1      | 578 ||| READING scroll labelled HORHUA OWNOBB.
   579 | D:1      | 579 ||| READING scroll labelled UFEZUC VUNUGUNN.
   580 | D:1      | 580 ||| DROPPING +0 mace.
   581 | D:1      | 581 ||| READING scroll labelled UPNOEQ ZANUIKI.
   920 | D:2      | Noticed Sigmund
   939 | D:2      | HP: 4/23 [something (4)]
   941 | D:2      | Killed Sigmund
   942 | D:2      | Reached skill level 5 in Axes
   942 | D:2      | Reached XP level 4. HP: 6/28 MP: 4/4
   942 | D:2      | Reached XP level 5. HP: 7/32 MP: 5/5
  1084 | D:2      | Found a faded altar of an unknown god.
  1298 | D:2      | 1298 ||| READING scroll labelled AJELAM JUFEULA.
  1334 | D:3      | 1334 ||| Stepping ~*~*~tactically~*~*~ (hiding).
  1484 | D:3      | 1484 ||| Stepping ~*~*~tactically~*~*~ (stealth).
  1507 | D:3      | Reached XP level 6. HP: 38/38 MP: 6/6
  1575 | D:3      | 1575 ||| Stepping ~*~*~tactically~*~*~ (stealth).
  1615 | D:3      | Noticed Natasha
  1620 | D:3      | Killed Natasha
  1621 | D:3      | 1621 ||| FLEEEEING.
  1660 | D:3      | Noticed Natasha
  1668 | D:3      | Killed Natasha
  1754 | D:3      | 1754 ||| Stepping ~*~*~tactically~*~*~ (hiding).
  1808 | D:3      | Noticed Jessica
  1816 | D:3      | Killed Jessica
  1822 | D:3      | Noticed Natasha
  1835 | D:3      | Killed Natasha
  1836 | D:3      | Reached skill level 6 in Axes
  1931 | D:3      | Found Faes's Jewellery Shop.
  1939 | D:3      | 1939 ||| SHOPLISTING +6 ring of dexterity (360 gold, have
                  | 87).
  1939 | D:3      | 1939 ||| SHOPLISTING +6 ring of strength (360 gold, have
                  | 87).
  1939 | D:3      | 1939 ||| SHOPLISTING ring of ice (250 gold, have 87).
  1939 | D:3      | 1939 ||| SHOPLISTING ring of positive energy (200 gold,
                  | have 87).
  1939 | D:3      | 1939 ||| SHOPLISTING ring of willpower (250 gold, have 87).
  2010 | D:3      | 2010 ||| DRINKING 2 red potions.
  2011 | D:3      | 2011 ||| DROPPING potion of enlightenment.
  2184 | D:4      | Found a runed translucent gate.
  2185 | D:4      | Found a runed translucent gate.
  2185 | D:4      | Found a runed translucent gate.
  2186 | D:4      | Noticed qw's ghost (amateur GrFi)
  2186 | D:4      | Noticed qw's ghost (amateur NaHu)
  2187 | D:4      | Noticed qw's ghost (amateur GrFi)
  2187 | D:4      | Noticed qw's ghost (amateur GrFi)
  2187 | D:4      | Noticed qw's ghost (amateur GrHu)
  2335 | D:4      | Reached skill level 1 in Dodging
  2335 | D:4      | Reached XP level 7. HP: 13/43 MP: 7/7
  2501 | D:4      | Noticed Menkaure
  2504 | D:4      | 2504 ||| FLEEEEING.
  2505 | D:4      | 2505 ||| FLEEEEING.
  2506 | D:4      | 2506 ||| FLEEEEING.
  2507 | D:4      | 2507 ||| Stepping ~*~*~tactically~*~*~ (hiding).
  2512 | D:4      | Killed Menkaure
  2512 | D:4      | Noticed Edmund
  2518 | D:4      | HP: 7/43 [Edmund/+6 heavy flail (11)]
  2519 | D:4      | 2519 ||| DRINKING potion of heal wounds.
  2532 | D:4      | Killed Edmund
  2533 | D:4      | Reached skill level 7 in Axes
  2533 | D:4      | 2533 ||| FLEEEEING.
  2534 | D:4      | 2534 ||| FLEEEEING.
  2535 | D:4      | 2535 ||| FLEEEEING.
  2536 | D:4      | 2536 ||| FLEEEEING.
  2537 | D:4      | 2537 ||| FLEEEEING.
  2538 | D:4      | 2538 ||| FLEEEEING.
  2539 | D:4      | 2539 ||| FLEEEEING.
  2542 | D:4      | 2542 ||| FLEEEEING.
  2543 | D:4      | 2543 ||| FLEEEEING.
  2544 | D:4      | 2544 ||| FLEEEEING.
  2547 | D:4      | 2547 ||| FLEEEEING.
  2548 | D:4      | 2548 ||| FLEEEEING.
  2549 | D:4      | 2549 ||| FLEEEEING.
  2550 | D:4      | 2550 ||| FLEEEEING.
  2553 | D:4      | 2553 ||| FLEEEEING.
  2554 | D:4      | 2554 ||| FLEEEEING.
  2555 | D:4      | 2555 ||| FLEEEEING.
  2556 | D:4      | 2556 ||| FLEEEEING.
  2557 | D:4      | 2557 ||| FLEEEEING.
  2560 | D:4      | 2560 ||| FLEEEEING.
  2561 | D:4      | 2561 ||| FLEEEEING.
  2562 | D:4      | 2562 ||| STAIRDANCE
  2750 | D:4      | Reached XP level 8. HP: 48/48 MP: 8/8
  2993 | D:4      | 2993 ||| DRINKING 2 viscous pink potions.
  3058 | D:5      | Entered Level 5 of the Dungeon
  3072 | D:5      | Reached skill level 1 in Throwing
  3115 | D:5      | Noticed Duvessa
  3115 | D:5      | Noticed Dowan
  3125 | D:5      | Reached skill level 8 in Axes
  3128 | D:5      | Killed Dowan
  3130 | D:5      | Killed Duvessa
  3131 | D:5      | Reached skill level 6 in Fighting
  3165 | D:5      | 3165 ||| FLEEEEING.
  3167 | D:5      | 3167 ||| STAIRDANCE
  3222 | D:4      | 3222 ||| READING scroll labelled ITAAKLO WILIOSM.
  3305 | D:5      | 3305 ||| Stepping ~*~*~tactically~*~*~ (stealth).
  3550 | D:5      | 3550 ||| READING scroll labelled WELYNGUUNE.
  3586 | D:5      | 3586 ||| READING 3 scrolls labelled CIORRO AMPI.
  3587 | D:5      | 3587 ||| DROPPING 2 scrolls of fear.
  3591 | D:6      | Noticed Prince Ribbit
  3595 | D:6      | 3595 ||| STAIRDANCE
  3605 | D:5      | Killed Prince Ribbit
  3606 | D:5      | Reached skill level 3 in Throwing
  3791 | D:6      | 3791 ||| Stepping ~*~*~tactically~*~*~ (hiding).
  3800 | D:6      | 3800 ||| FLEEEEING.
  3810 | D:6      | Reached XP level 9. HP: 51/55 MP: 9/9
  3924 | D:6      | 3924 ||| FLEEEEING.
  3925 | D:6      | 3925 ||| FLEEEEING.
  3926 | D:6      | 3926 ||| FLEEEEING.
  3927 | D:6      | 3927 ||| FLEEEEING.
  3928 | D:6      | 3928 ||| FLEEEEING.
  3929 | D:6      | 3929 ||| FLEEEEING.
  3931 | D:6      | 3931 ||| STAIRDANCE
  3969 | D:6      | 3969 ||| Stepping ~*~*~tactically~*~*~ (hiding).
  3970 | D:6      | 3970 ||| Stepping ~*~*~tactically~*~*~ (hiding).
  3971 | D:6      | 3971 ||| Stepping ~*~*~tactically~*~*~ (hiding).
  3986 | D:6      | 3986 ||| Stepping ~*~*~tactically~*~*~ (stealth).
  4132 | D:6      | Reached skill level 9 in Axes
  4194 | D:6      | 4194 ||| FLEEEEING.
  4250 | D:6      | 4250 ||| Stepping ~*~*~tactically~*~*~ (stealth).
  4351 | D:6      | 4351 ||| Stepping ~*~*~tactically~*~*~ (stealth).
  4614 | D:6      | 4614 ||| Stepping ~*~*~tactically~*~*~ (stealth).
  4759 | D:6      | 4759 ||| Stepping ~*~*~tactically~*~*~ (hiding).
  5141 | D:6      | 5141 ||| Stepping ~*~*~tactically~*~*~ (hiding).
  5200 | D:6      | 5200 ||| READING scroll labelled QUIZXA QODEAFU.
  5201 | D:6      | 5201 ||| DRINKING 2 black potions.
  5202 | D:6      | 5202 ||| DRINKING 2 viscous silvery potions.
  5203 | D:6      | 5203 ||| DROPPING potion of brilliance.
  5235 | D:7      | Noticed a hornet
  5241 | D:7      | 5241 ||| STAIRDANCE
  5245 | D:6      | Killed a hornet
  5281 | D:7      | 5281 ||| Stepping ~*~*~tactically~*~*~ (hiding).
  5283 | D:7      | Noticed a red ugly thing
  5289 | D:7      | HP: 14/57 [something/puff of flame (6)]
  5290 | D:7      | 5290 ||| READING scroll of teleportation.
  5291 | D:7      | Slain by a red ugly thing

Levels and vault maps discovered:
D:1:      shiori_shiawase, layout_rooms, serial_forest, infiniplex_forest_split,
          infiniplex_forest_straight_3, infiniplex_forest_clump_small,
          infiniplex_forest_lined_3_way, serial_shops, shop, minmay_tetromino_s2
D:2:      layout_basic, ebering_ecumenical_altar_petrified, uniq_sigmund
D:3:      layout_basic, serial_shops, shop, uniq_natasha, uniq_jessica
D:4:      layout_loops_ring, gammafunk_ghost_cemetery, uniq_menkaure,
          uniq_edmund
D:5:      layout_rooms, uniq_duvessa
D:6:      layout_loops_ring, uniq_prince_ribbit1
D:7:      layout_rooms, minmay_temple_entry_butterflies,
          nicolae_shop_national_dungeon_mall, minmay_microvault

Skill      XL: |  1  2  3  4  5  6  7  8  9 |
---------------+----------------------------+-----
Axes           | 2 3 5 6 7 8 9 |  9.6
Fighting       | 4 6 7 |  7.2
Dodging        | 1 |  1.9
Throwing       | 3 |  3.3
Shields        | 4 |  4.0
Armour         | 4 |  4.0

Action                     |  1- 3 |  4- 6 |  7- 9 || total
---------------------------+-------+-------+-------++-------
  Melee: War axe           |    84 |   110 |   212 ||   406
  Throw: Boomerang         |       |    22 |    30 ||    52
         Javelin           |       |       |    29 ||    29
    Use: Scroll            |     4 |     1 |     5 ||    10
         Potion            |       |     1 |     4 ||     5
 Armour: Scale mail        |    33 |       |       ||    33
         Chain mail        |    14 |    48 |    75 ||   137
  Dodge: Dodged            |    41 |    26 |    53 ||   120
  Block: Buckler           |    26 |    47 |    95 ||   168
         Reflection        |       |     3 |     2 ||     5

Table legend:
 A = Non-vault XP
 B = Vault XP
 C = Vault XP percentage of total XP
 D = Non-vault monster count
 E = Vault monster count
 F = Vault count percentage of total count
                 A         B        C        D         E       F
            +---------+---------+-------+---------+---------+-------
      Total |    2974 |    1130 |  27.5 |     131 |       9 |   6.4
            +---------+---------+-------+---------+---------+-------
        D:1 |      42 |       2 |   4.5 |      23 |       1 |   4.2
        D:2 |      22 |     226 |  91.1 |      11 |       1 |   8.3
        D:3 |     180 |      73 |  28.9 |      32 |       2 |   5.9
        D:4 |     399 |     341 |  46.1 |      17 |       2 |  10.5
        D:5 |     489 |     488 |  49.9 |       9 |       3 |  25.0
        D:6 |    1796 |       0 |   0.0 |      37 |       0 |   0.0
        D:7 |      46 |       0 |   0.0 |       2 |       0 |   0.0
            +---------+---------+-------+---------+---------+-------
